 Dungeon Crawl Stone Soup version 0.17.1-3-g152610e (webtiles) character file.

85 Goblin1989 the Insei (level 4, -8/23 HPs)
             Began as a Vine Stalker Monk on Feb 18, 2016.
             Mangled by Sigmund
             ... wielding a +5 scythe of protection
              (9 damage)
             ... on level 2 of the Dungeon.
             The game lasted 00:02:35 (757 turns).

Goblin1989 the Insei (Vine Stalker Monk)             Turns: 757, Time: 00:02:35

Health: -8/23      AC:  6    Str: 15    XL:     4   Next: 48%
Magic:  0/5        EV: 11    Int: 10    God:
Gold:   81         SH:  0    Dex: 16    Spells: 0 memorised, 3 levels left

rFire  . . .     SeeInvis .       - Unarmed
rCold  . . .     Clarity  .     e - +0 ring mail
rNeg   . . .     SustAt   .     (no shield)
rPois  .         Gourm    .     (no helmet)
rElec  .         Spirit   +     (no cloak)
rCorr  .         Warding  .     (no gloves)
rMut   .         Stasis   .     a - +0 pair of boots
MR     .....                    (no amulet)
Stlth  ++........               (no ring)
                                (no ring)

@: not resistant to hostile enchantments, unstealthy
A: fangs 2, regeneration 1, magic shield, antimagic bite, no device heal 3, rot
immunity
a: no special abilities


You were on level 2 of the Dungeon.
You were not hungry.

You visited 1 branch of the dungeon, and saw 2 of its levels.

You collected 81 gold pieces.

Inventory:

Armour
 a - a +0 pair of boots (worn)
 e - a +0 ring mail (worn)
Jewellery
 h - a cursed -2 ring of slaying {unknown}
 k - an uncursed ring of sustain attributes {unknown}
Wands
 l - a wand of slowing (14)
Scrolls
 c - 4 scrolls of remove curse {unknown}
 f - a scroll of fog {unknown}
Potions
 d - a potion of invisibility {unknown}
 g - a potion of beneficial mutation {unknown}
Comestibles
 b - 2 bread rations
 i - 2 meat rations
 j - a royal jelly
 m - 4 fruits


   Skills:
 - Level 2.6 Fighting
 - Level 2.4 Dodging
 - Level 2.4 Stealth
 * Level 5.8 Unarmed Combat


You had 3 spell levels left.
You didn't know any spells.

Dungeon Overview and Level Annotations

Branches:
Dungeon (2/15)

Altars:

Annotations:
D:2 Sigmund


Innate Abilities, Weirdness & Mutations

You have extremely sharp teeth.
Your natural rate of healing is unusually fast.
When hurt, damage is shared between your health and your magic reserves.
Your bite disrupts and absorbs the magic of your enemies.
Potions and wands cannot restore your health.
You are immune to rotting.


Message History

You hear some strange, mumbled words.
A magic dart appears from out of thin air!
The magic dart hits you!
* * * LOW HITPOINT WARNING * * *
A hobgoblin comes into view. It is wielding a club.
You barely miss something.
The hobgoblin shouts!
You bite something.
You hear some strange, mumbled words.
Something tries to affect you, but you resist.
You hit something but do no damage.
You hear some strange, mumbled words.
A puff of flame appears from out of thin air!
The puff of flame misses you.
You miss something. You bite something. Something hits you.
* * * LOW HITPOINT WARNING * * *
You closely miss something. You bite something.
The hobgoblin hits you but does no damage.
You barely miss something. You bite something. Something hits you!
You die...

#### #...#
######.########...####
.........)....(.......
..#..#.%.............
.#..#......$........
.....##.###...##### #
#.##.##)# #...#
#.#..#g##.##.# #...#
#.....{@...).# #..(#
###.########## ...#


You could see a hobgoblin.

Vanquished Creatures
  Jessica (D:2)
  Robin (D:2)
  An adder (D:2)
  A worm (D:2)
  5 hobgoblins
  7 kobolds
  7 bats
  3 giant newts (D:1)
  11 goblins
  2 rats
39 creatures vanquished.

Notes
Turn   | Place    | Note
--------------------------------------------------------------
     0 | D:1      | Goblin1989 the Vine Stalker Monk began the quest for the Orb.
     0 | D:1      | Reached XP level 1. HP: 11/11 MP: 2/2
    95 | D:1      | Reached XP level 2. HP: 16/16 MP: 3/3
   491 | D:2      | Noticed Sigmund
   512 | D:2      | Reached skill level 5 in Unarmed Combat
   512 | D:2      | Reached XP level 3. HP: 19/19 MP: 4/4
   564 | D:2      | Noticed Jessica
   570 | D:2      | Killed Jessica
   585 | D:2      | Reached XP level 4. HP: 23/23 MP: 5/5
   657 | D:2      | Noticed Robin
   664 | D:2      | Killed Robin
   755 | D:2      | HP: 1/23 [something (4)]
   757 | D:2      | Mangled by Sigmund

Action                   |  1- 3 |  4- 6 || total
-------------------------+-------+-------++-------
Melee: Unarmed           |    74 |    51 ||   125
 Stab: Sleeping          |     3 |     1 ||     4
       Distracted        |     1 |       ||     1
